 Seeded DCSS version 0.28.0-61-g67df4f89a8 (webtiles) character file.

Game seed: 11041845003192542153 (custom seed)

205 tkbsonic5 the Chiller (level 5, -14/39 HPs)
             Began as a Barachi Wanderer on Feb 13, 2023.
             Was an Initiate of Vehumet.
             Demolished by an orc warrior
             ... wielding a +0 broad axe
              (15 damage)
             ... on level 3 of the Dungeon.
             The game lasted 00:12:08 (3496 turns).

tkbsonic5 the Chiller (Barachi Wanderer)            Turns: 3496, Time: 00:12:09

Health: -14/39     AC:  3    Str: 18    XL:     5   Next: 83%
Magic:  0/8        EV: 11    Int: 14    God:    Vehumet [......]
Gold:   98         SH:  0    Dex:  9    Spells: 2/8 levels left

rFire   . . .      SeeInvis .   n - +2 whip (vamp)
rCold   . . .      Faith    .   (no shield)
rNeg    + + +      Spirit   .   c - +0 leather armour
rPois   .          Reflect  .   (no helmet)
rElec   .          Harm     .   (no cloak)
rCorr   +          Rampage  .   (no gloves)
Will    .....                   (no boots)
Stlth   +.........              (no amulet)
HPRegen 0.13/turn               g - ring "Zets" {rN+++ rCorr Str+4 Dex-2}
MPRegen 0.11/turn               i - +4 ring of slaying

@: unable to hop, slow
A: amphibious, slowness 1, strong legs 1, +LOS
a: Hop, Renounce Religion


You were on level 3 of the Dungeon.
You worshipped Vehumet.
Vehumet was noncommittal.
You visited 1 branch of the dungeon, and saw 3 of its levels.

You collected 98 gold pieces.

Inventory:

Hand Weapons
 a - a +0 short sword
 f - a +1 dagger of venom
 j - a +0 hunting sling
 m - a +0 dagger of venom
 n - a +2 vampiric whip (weapon)
Missiles
 l - 2 javelins
Armour
 c - a +0 leather armour (worn)
Magical Staves
 d - a staff of cold
Jewellery
 g - the ring "Zets" (left hand) {rN+++ rCorr Str+4 Dex-2}
   (You acquired it on level 1 of the Dungeon)

   [ring of resist corrosion]

   Str:       It affects your strength (+4).
   Dex:       It affects your dexterity (-2).
   rN:        It renders you almost immune to negative energy.
   rCorr:     It protects you from acid and corrosion.
 i - a +4 ring of slaying (right hand)
Scrolls
 e - a scroll of amnesia
 h - a scroll of immolation


   Skills:
 * Level 2.7 Fighting
 - Level 2.5 Short Blades
 + Level 2.0 Staves
 - Level 1.2 Armour
 * Level 2.2 Spellcasting
 + Level 1.2 Hexes
 * Level 5.9 Ice Magic
 - Level 2.8 Evocations


You had 2 spell levels left.
You knew the following spells:

 Your Spells              Type           Power      Damage    Failure   Level
a - Freeze                Ice            72%        1d9       2%          1
b - Ensorcelled Hibernat  Hex/Ice        22%        N/A       10%         2
c - Ozocubu's Armour      Ice            18%        N/A       7%          3

Your spell library contained the following spells:

 Spells                   Type           Power      Damage    Failure   Level
 Blink                    Tloc           2%         N/A       38%         2
 Conjure Flame            Conj/Fire      1%         6-21      63%         3
 Ignite Poison            Fire/Tmut/Pois 1%         N/A       63%         3
 Mephitic Cloud           Conj/Pois/Air  1%         N/A       63%         3
 Sticky Flame             Conj/Fire      1%         2d3       95%         4
 Freezing Cloud           Conj/Ice/Air   3%         6-21      98%         5
 Manifold Assault         Tloc           1%         N/A       100%        5
 Storm Form               Tmut/Air       0%         N/A       100%        7


Dungeon Overview and Level Annotations

Branches:
Dungeon (3/15)

Altars:
Vehumet
Wu Jian
Zin

Shops:
D:3 *


Innate Abilities, Weirdness & Mutations

You are amphibious.
You cover ground slowly.
You can hop short distances.
You have an extended range of vision and can be seen from far away.


Message History

The orc warrior closely misses you.
You feel a surge of power!
You freeze the orc warrior.
The orc warrior is lightly wounded.
The orc warrior hits you with a +0 broad axe.
You feel a surge of power!
You freeze the orc warrior!
The orc warrior is heavily wounded.
The orc warrior hits you with a +0 broad axe!
You closely miss the orc warrior.
The orc warrior is heavily wounded.
The orc warrior barely misses you.
You closely miss the orc warrior.
The orc warrior is heavily wounded.
The orc warrior hits you with a +0 broad axe!
* * * LOW HITPOINT WARNING * * *
You aren't carrying any potions.
Unknown command.
Hop to where?
Press: ? - help, Dir - move target, p - orc warrior Your icy armour will break if you move.
Continue?
Your icy armour cracks and falls away as you move.
Boing!
Okay, then.
Okay, then.
You aren't carrying any potions.
You feel a sense of dread.
n - a +2 vampiric whip (weapon)
The orc warrior throws a boomerang.
The boomerang closely misses you.
Your magical contamination has completely faded away.
You are too injured to fight recklessly!
Aiming: Freeze (safe; 2% risk of failure)
Press: ? - help, Q - select action, (/) - cycle Shift-Dir - straight line, f - orc warrior
Aim: an orc warrior, wielding a +0 broad axe, wearing a +0 chain mail and quivering boomerangs (heavily wounded)
You freeze the orc warrior.
The orc warrior is heavily wounded.
The orc warrior hits you with a +0 broad axe!
* * * LOW HITPOINT WARNING * * *
You closely miss the orc warrior.
The orc warrior is heavily wounded.
The orc warrior hits you with a +0 broad axe!
You die...

....##.# #.#..###...#
#......># ....##.#
#.##..<)...# #.......#
##...#.# #..##......#
#.......#
####...####..#......#
####.####
..........##.####...#
#.#
###..####......##...#
#.# #.## ###..).##...#
#.# #..
###...#oo.######.######
#..
#...@................
##.
#.###................
#. #..
#####.......###.. #.
#... ####......##⌠##.
#...##..........#_#..
#......###...........
#...## #...........
#...# ####....∩...
#...# ###.....#


You could see an orc warrior and an orc.

Vanquished Creatures
  A scorpion (D:3)
  Jessica (D:2)
  An orc wizard (D:3)
  Natasha (D:3)
  A dart slug (D:2)
  6 orcs (D:3)
  8 ball pythons
  2 bats
  8 endoplasms
  2 giant cockroaches (D:1)
  5 hobgoblins
  3 quokkas
  2 frilled lizards
  7 goblins
  7 kobolds
  8 rats
63 creatures vanquished.

Notes
Turn   | Place    | Note
-------+----------+-------------------------------------------
     0 | D:1      | tkbsonic5 the Barachi Wanderer began the quest for the Orb.
     0 | D:1      | tkbsonic5 set off with the following items: a +0 short
                  | sword, a piece from Xom's chessboard (15/15), a +0 leather
                  | armour; and the following spell memorised: Freeze; and the
                  | following spells available to memorise: Ozocubu's Armour,
                  | Ensorcelled Hibernation
     0 | D:1      | Reached XP level 1. HP: 13/13 MP: 2/2
    53 | D:1      | Identified a scroll of acquirement
    53 | D:1      | Acquired a staff of cold
    59 | D:1      | Acquired a Trismegistus Codex
   131 | D:1      | Reached skill level 5 in Ice Magic
   193 | D:1      | Reached XP level 2. HP: 19/20 MP: 1/3
   341 | D:1      | Acquired the ring "Zets" {rN+++ rCorr Str+4 Dex-2}
   486 | D:1      | Reached skill level 1 in Fighting
   666 | D:1      | Learned a level 2 spell: Ensorcelled Hibernation
   798 | D:1      | Found a faded altar of an unknown god.
   801 | D:1      | Reached XP level 3. HP: 26/26 MP: 1/4
  1332 | D:2      | Reached skill level 1 in Staves
  1428 | D:2      | Noticed Jessica
  1432 | D:2      | Killed Jessica
  1433 | D:2      | Reached XP level 4. HP: 30/32 MP: 1/6
  1525 | D:2      | Found a radiant altar of Vehumet.
  1543 | D:2      | Became a worshipper of Vehumet
  2224 | D:3      | Found an ornate altar of the Wu Jian Council.
  2282 | D:3      | Noticed a scorpion
  2298 | D:3      | Killed a scorpion
  2299 | D:3      | Reached XP level 5. HP: 26/39 MP: 0/8
  2466 | D:3      | Learned a level 3 spell: Ozocubu's Armour
  2572 | D:3      | Found Zin's Purification Station.
  2581 | D:3      | Found a glowing silver altar of Zin.
  2645 | D:3      | Reached skill level 1 in Hexes
  2824 | D:3      | Noticed an orc warrior
  3156 | D:3      | Noticed Natasha
  3173 | D:3      | Killed Natasha
  3494 | D:3      | HP: 1/39 [orc warrior/+0 broad axe (11)]
  3496 | D:3      | Demolished by an orc warrior

Illustrated notes

Levels and vault maps discovered:
D:1:      heliophobic_arrival_henge, layout_loops_cross,
          shapermc_ecumenical_altar_pompeii, item_on_display_a
D:2:      layout_basic, basic_altar, uniq_jessica
D:3:      layout_rooms, zin_purify, nicolae_wu_jian_wuxing_cycle, uniq_natasha

Skill      XL: |  1  2  3  4  5 |
---------------+----------------+-----
Ice Magic      | 5 |  5.9
Fighting       | 1 2 |  2.7
Staves         | 1 2 |  2.0
Spellcasting   | 2 |  2.2
Hexes          | 1 |  1.2
Short Blades   | |  2.5
Armour         | |  1.2
Evocations     | |  2.8

Action                   |  1- 3 |  4- 6 || total
-------------------------+-------+-------++-------
Melee: Staff             |    18 |     6 ||    24
       Punch             |     1 |       ||     1
       Short sword       |       |     2 ||     2
       Whip              |       |     1 ||     1
 Cast: Freeze            |    39 |    41 ||    80
       Ensorcelled Hiber |     2 |     7 ||     9
       Ozocubu's Armour  |       |     3 ||     3
 Abil: Hop               |       |     4 ||     4
Evoke: Piece from Xom's  |       |     2 ||     2
  Use: Scroll            |     6 |     2 ||     8
       Potion            |       |     1 ||     1
Armor: Leather armour    |    14 |     5 ||    19
Dodge: Dodged            |    31 |    23 ||    54
